 Seeded DCSS version 0.30-a0-137-gd8773701ce (webtiles) character file.

Game seed: 2548267437355493501 (custom seed)

402238 purpskrrrp the Axe Maniac (level 23, -17/340 HPs)
             Began as a Hill Orc Fighter on Sept 22, 2022.
             Was an Initiate of Gozag.
             Killed from afar by a hellion (37 damage)
             ... with damnation
             ... summoned by a deep elf demonologist
             ... on level 3 of the Elven Halls.
             The game lasted 03:19:53 (64873 turns).

purpskrrrp the Axe Maniac (Hill Orc Fighter)       Turns: 64873, Time: 03:19:54

Health: -17/340    AC: 37    Str: 34    XL:     23   Next: 33%
Magic:  0/14       EV: 15    Int: 14    God:    Gozag
Gold:   835        SH:  0    Dex: 13    Spells: 16/22 levels left

rFire   . . .      SeeInvis +    F - +9 executioner's axe (drain)
rCold   + . .      Faith    .    (shield currently unavailable)
rNeg    . . .      Spirit   +    W - +6 storm dragon scales
rPois   +          Reflect  .    d - +2 hat {SInv}
rElec   +          Harm     .    T - +2 cloak {Will+}
rCorr   +          Rampage  .    P - +0 pair of fencer's gloves {Riposte Dex+3}
Will    ++...      Clarity  +    h - +2 pair of boots {Fly}
Stlth   ..........               r - amulet of Zuntory {Spirit rElec MP-9 Str+4 Int+6 Slay+2}
HPRegen 0.66/turn                E - ring of the Jackalope {rElec rPois Slay+3}
MPRegen 0.14/turn                O - ring of resist corrosion

@: berserking (expiring), silenced, flying, very quick
A: clarity, cold resistance 1
}: 2/15 runes: barnacled, gossamer
a: Renounce Religion


You were on level 3 of the Elven Halls.
You worshipped Gozag.
Gozag was pleased with you.
You visited 8 branches of the dungeon, and saw 39 of its levels.
You visited the Abyss 1 time.
You also visited: Bailey.

You collected 18432 gold pieces.
You spent 7875 gold pieces at shops.
You paid 9722 gold pieces to Gozag.

Inventory:

Hand Weapons
 b - the +6 arbalest "Damnation" {damnation}
   (You found it on level 15 of the Dungeon)

   Any ammunition fired from it explodes in a burst of damnation on striking a
   foe, dealing damage which bypasses armour.
 g - a +6 demon trident of venom
 j - a +0 eudemon blade of holy wrath
 y - the +10 hand axe of Iwauxoh {holy, rCorr Str+7 Dex+8}
   (You found it on level 2 of the Spider Nest)

   It has been blessed by the Shining One to cause great damage to the undead
   and demons.
   Str:       It affects your strength (+7).
   Dex:       It affects your dexterity (+8).
   rCorr:     It protects you from acid and corrosion.
 F - a +9 executioner's axe of draining (weapon)
Missiles
 u - 4 throwing nets
Armour
 d - a +2 hat of see invisible (worn)
 h - a +2 pair of boots of flying (worn)
 n - +7 fire dragon scales
 t - a +1 tower shield of fire resistance
 P - the +0 pair of fencer's gloves (worn) {Riposte Dex+3}
   (You bought it in a shop on level 2 of the Lair of Beasts)

   It allows the wearer to riposte with melee weapons, swiftly retaliating
   against missed or blocked melee attacks.
   Dex:       It affects your dexterity (+3).
 T - a +2 cloak of willpower (worn)
 W - +6 storm dragon scales (worn)
Jewellery
 c - a ring of ice
 k - the ring "Vujisira" {Ice rPois Slay+2}
   (You took it off a yaktaur captain on level 5 of the Vaults)

   [ring of ice]

   It enhances your ice magic.
   Slay:      It affects your accuracy & damage with ranged weapons and melee
   (+2).
   rF:        It makes you vulnerable to fire.
   rC:        It protects you from cold.
   rPois:     It protects you from poison.
 r - the amulet of Zuntory (around neck) {Spirit rElec MP-9 Str+4 Int+6 Slay+2}
   (You acquired it on level 4 of the Dungeon)

   [amulet of guardian spirit]

   It causes incoming damage to be divided between your reserves of health and
   magic.
   Str:       It affects your strength (+4).
   Int:       It affects your intelligence (+6).
   Slay:      It affects your accuracy & damage with ranged weapons and melee
   (+2).
   rElec:     It insulates you from electricity.
   MP:        It affects your magic capacity (-9).
 s - a +4 ring of slaying
 x - an amulet of guardian spirit
 z - a ring of fire
 D - a ring of protection from fire
 E - the ring of the Jackalope (left hand) {rElec rPois Slay+3}
   (You bought it in a shop on level 5 of the Lair of Beasts)

   [ring of poison resistance]

   Slay:      It affects your accuracy & damage with ranged weapons and melee
   (+3).
   rElec:     It insulates you from electricity.
   rPois:     It protects you from poison.
 L - an amulet of reflection
 O - a ring of resist corrosion (right hand)
 U - a ring of flight
 X - a ring of magical power
Wands
 a - a wand of polymorph (22)
 e - a wand of mindburst (23)
 v - a wand of flame (50)
 B - a wand of paralysis (40)
 Q - a wand of roots (22) (quivered)
 S - a wand of acid (11)
Scrolls
 f - 6 scrolls of poison
 l - 22 scrolls of teleportation
 m - 9 scrolls of magic mapping
 G - 5 scrolls of fog
 I - 20 scrolls of identify
 J - 2 scrolls of enchant weapon
 M - a scroll of acquirement
 V - 4 scrolls of fear
 Z - a scroll of brand weapon
Potions
 o - 11 potions of curing
 q - 2 potions of magic
 w - 9 potions of ambrosia
 A - 4 potions of resistance
 C - 2 potions of cancellation
 N - a potion of invisibility
 R - 2 potions of might
Miscellaneous
 p - a phantom mirror
 H - a condenser vane


   Skills:
 * Level 23.5 Fighting
 O Level 27 Axes
 + Level 21.3 Armour
 + Level 13.9 Dodging
 - Level 10.5 Shields
 + Level 13.6 Evocations


You had 16 spell levels left.
You knew the following spells:

 Your Spells              Type           Power      Damage    Failure   Level
a - Statue Form           Tmut/Erth      0%         N/A       100%        6

Your spell library contained the following spells:

 Spells                   Type           Power      Damage    Failure   Level
 Beastly Appendage        Tmut           0%         N/A       54%         1
 Foxfire                  Conj/Fire      0%         2x1d4     54%         1
 Freeze                   Ice            0%         1d3       54%         1
 Magic Dart               Conj           0%         1d3       54%         1
 Sandblast                Erth           0%         2d4       54%         1
 Slow                     Hex            0%         N/A       54%         1
 Sting                    Tmut/Pois      0%         1d3       54%         1
 Blink                    Tloc           0%         N/A       69%         2
 Cigotuvi's Dreadful Rot  Necr/Pois/Air  0%         N/A       69%         2
 Ensorcelled Hibernation  Hex/Ice        0%         N/A       69%         2
 Passwall                 Tmut/Erth      0%         N/A       69%         2
 Poisonous Vapours        Pois/Air       0%         N/A       69%         2
 Scorch                   Fire           0%         2d5       69%         2
 Searing Ray              Conj           0%         2d4       69%         2
 Static Discharge         Conj/Air       0%         2-2/arc   69%         2
 Wereblood                Tmut           0%         N/A       69%         2
 Call Canine Familiar     Summ           0%         N/A       89%         3
 Confusing Touch          Hex            0%         N/A       89%         3
 Dazzling Flash           Conj/Hex       0%         N/A       89%         3
 Frozen Ramparts          Ice            0%         1d1       89%         3
 Gell's Gravitas          Tloc           0%         N/A       89%         3
 Inner Flame              Hex/Fire       0%         N/A       89%         3
 Kindle Blastsparks       Fire/Tloc/Air  0%         2d10      89%         3
 Ozocubu's Armour         Ice            0%         N/A       89%         3
 Portal Projectile        Hex/Tloc       0%         N/A       89%         3
 Spider Form              Tmut/Pois      0%         N/A       89%         3
 Stone Arrow              Conj/Erth      0%         3d7       89%         3
 Swiftness                Air            0%         N/A       89%         3
 Teleport Other           Tloc           0%         N/A       89%         3
 Tukima's Dance           Hex            0%         N/A       89%         3
 Vampiric Draining        Necr           0%         2d6       89%         3
 Anguish                  Hex/Necr       0%         N/A       100%        4
 Animate Armour           Summ/Erth      0%         N/A       100%        4
 Cause Fear               Hex            0%         N/A       100%        4
 Dispel Undead            Necr           0%         3d6       100%        4
 Flame Wave               Conj/Fire      0%         2d4       100%        4
 Fulminant Prism          Conj/Hex       0%         3d6       100%        4
 Hailstorm                Conj/Ice       0%         3d3       100%        4
 Iskenderun's Mystic Bla  Conj/Tloc      0%         2d3       100%        4
 Leda's Liquefaction      Hex/Erth       0%         N/A       100%        4
 Manifold Assault         Tloc           0%         N/A       100%        4
 Olgreb's Toxic Radiance  Pois           0%         N/A       100%        4
 Passage of Golubria      Tloc           0%         N/A       100%        4
 Sticky Flame             Conj/Fire      0%         2d3       100%        4
 Summon Ice Beast         Ice/Summ       0%         N/A       100%        4
 Arcjolt                  Conj/Air       0%         1d10      100%        5
 Blade Hands              Tmut           0%         N/A       100%        5
 Borgnjor's Vile Clutch   Necr/Erth      0%         N/A       100%        5
 Iskenderun's Battlesphe  Conj           0%         2d6       100%        5
 Lee's Rapid Deconstruct  Erth           0%         3d5*      100%        5
 Metabolic Englaciation   Hex/Ice        0%         N/A       100%        5
 Silence                  Hex/Air        0%         N/A       100%        5
 Summon Forest            Summ/Tloc      0%         N/A       100%        5
 Death Channel            Necr           0%         N/A       100%        6
 Dispersal                Tloc           0%         N/A       100%        6
 Eringya's Noxious Bog    Tmut/Pois      0%         N/A       100%        6
 Iron Shot                Conj/Erth      0%         9d1       100%        6
 Starburst                Conj/Fire      0%         6d3       100%        6
 Summon Cactus Giant      Summ           0%         N/A       100%        6
 Spellforged Servitor     Conj/Summ      0%         N/A       100%        7
 Storm Form               Tmut/Air       0%         N/A       100%        7
 Summon Hydra             Summ           0%         N/A       100%        7
 Discord                  Hex            0%         N/A       100%        8
 Lehudib's Crystal Spear  Conj/Erth      0%         10d2      100%        8
 Chain Lightning          Conj/Air       0%         N/A       100%        9
 Fire Storm               Conj/Fire      0%         5d1       100%        9
 Shatter                  Erth           0%         3d5*      100%        9
 Animate Dead             Necr           Unusable   N/A       N/A         4
 Simulacrum               Ice/Necr       Unusable   N/A       N/A         6

Dungeon Overview and Level Annotations

Branches:
Dungeon (15/15)            Temple (0/1) D:6            Lair (5/5) D:10
 Shoals (4/4) Lair:2       Spider (4/4) Lair:2        Slime (0/5) Lair:4
    Orc (2/2) D:11            Elf (3/3) Orc:2        Vaults (5/5) D:13
  Crypt (0/3) Vaults:2     Depths (1/4) D:15         Bailey (visited)

Altars:
Cheibriados
Dithmenos
Elyvilon
Gozag
Makhleb
Trog
Uskayaw
Vehumet
Wu Jian
Xom
Yredelemnul
Zin
The Shining One
Jiyva

Shops:
D:7 (   D:14 *   Orc:2 [(*[(*[:   Elf:1 ?**?   Elf:2 (   Lair:2 [   Lair:5 =
Shoals:1 (   Shoals:4 *   Vaults:1 [   Vaults:2 ?   Vaults:4 *

Portals:
Hell: Lair:5 Depths:1


Innate Abilities, Weirdness & Mutations

You possess an exceptional clarity of mind.
Your flesh is cold resistant. (rC+)


Message History

You closely miss the balrug.
The deep elf demonologist mumbles some strange words.
The balrug hits you with a +0 demon whip.
You are engulfed in flames!!
* * * LOW HITPOINT WARNING * * *
You hit the balrug.
The balrug is lightly wounded.
The balrug hits you with a +0 demon whip!
* * * LOW HITPOINT WARNING * * *
You are engulfed in flames!!
* * * LOW HITPOINT WARNING * * *
You chop the balrug into pieces!!!
The balrug is severely wounded.
Okay, then.
Okay, then.
Okay, then.
As you read the scroll of silence, it crumbles to dust.
A profound silence engulfs you. The balrug hits you but does no damage.
The Tzitzimitl calls on the powers of darkness!
The deep elf demonologist convulses!
Your body is wracked with pain!
* * * LOW HITPOINT WARNING * * *
The balrug hits you but does no damage.
A red film seems to cover your vision as you go berserk!
You feel yourself moving faster!
You feel mighty! The neqoxec gestures at you.
Something tries to feed on your intellect!
The balrug completely misses you.
You riposte.
You slash the balrug!
The balrug is severely wounded.
The deep elf demonologist seems to be listening.
You slice the balrug!!
You kill the balrug!
The balrug disappears in a puff of smoke!
The hellion gestures at you.
The sphere of damnation explodes!
The damnation engulfs you!
* * * LOW HITPOINT WARNING * * *
You feel a strong urge to attack something.
The hellion gestures at you.
The sphere of damnation explodes!
The damnation engulfs you!!!
You die...
Your body crumbles into a pile of gold.

.................#.###
.....................############
#.......#....####................
#............###.###....########.
...<.............# ####.# ##E
.........#...##### #.## ###.#
......$.$...## #..####E..#
...........$.########3......EeEE#
..............$$@.13e.2..####.E.#
.<...........#######3.#.## ##.#
...........### ##.# ##.
#.......#.## #.# #. ##......#.#
#.# ## ##.#...#.# #.# #.#####.#
#.# #.# #.# #.# #.# #.#


You could see a Tzitzimitl (summoned, unsilenced), a deep elf demonologist, a
smoke demon (summoned, unsilenced), a hellion (summoned), a neqoxec (summoned)
and a ynoxinul (summoned, unsilenced).

Vanquished Creatures
  A dread lich (Vaults:4)
  Mennas (Vaults:3)
  Nikola (Vaults:2)
  Arachne (Spider:3)
  Asterion (Elf:1)
  A tentacled monstrosity (Vaults:5)
  Mlioglotl (Spider:3)
  The ghost of CowFu the Warrior, an adept DsFi of Hepliaklqana (Vaults:2)
  A deep elf blademaster (Elf:3)
  5 krakens
  A quicksilver dragon (Vaults:5)
  Polyphemus (Shoals:2)
  2 sphinxes
  Agnes (Elf:1)
  Gastronok (D:10)
  Frances (Shoals:2)
  Roxanne (Shoals:2)
  2 tengu reavers (Vaults:5)
  A frost giant (Vaults:4)
  5 emperor scorpions
  11 vault wardens
  An iron dragon (Vaults:5)
  2 deep elf sorcerers
  20 ironbound preservers
  3 orc warlords
  3 deep elf elementalists
  4 ghost moths
  A fire giant (Depths:1)
  8 very ugly things
  3 war gargoyles
  5 ironbound thunderhulks
  5 stone giants
  A deep elf demonologist (Elf:3)
  Azrael (Orc:2)
  3 spark wasps
  19 dire elephants
  A purple draconian (Abyss:2)
  The ghost of Haroarr the Cleaver, a journeyman DsFi (Lair:1)
  9 ettins
  3 deep elf death magi
  3 crystal guardians
  6 merfolk javelineers
  Snorg (D:13)
  6 merfolk impalers
  Josephine (D:14)
  2 deep elf high priests (Elf:3)
  The ghost of Lutem the Fighter, a journeyman MiFi of Okawaru (Lair:1)
  The ghost of Hiufoemo the Thaumaturge, a journeyman DjWr of Ashenzari (Lair:1)
  11 entropy weavers
  7 great orbs of eyes
  16 yaktaur captains
  Fannar (D:12)
  Erolcha (D:13)
  32 vault guards
  A jorogumo (Spider:3)
  3 peacekeepers
  4 hydras
  3 ogre magi
  4 merfolk aquamancers
  11 ironbound frosthearts
  The ghost of Zuagil the Destroyer, a journeyman DrCj of Sif Muna (Lair:1)
  6 two-headed ogres
  14 boulder beetles
  2 catoblepae
  14 centaur warriors
  10 death yaks
  4 merfolk avatars
  A satyr (Shoals:2)
  5 tengu warriors
  A sun demon (Lair:5)
  27 dancing weapons
  A vampire mage (Vaults:2)
  2 thrashing horrors (Abyss:2)
  Nergalle (Lair:2)
  19 deep elf knights
  5 hell knights (D:14)
  7 pharaoh ants
  A fire crab (Lair:4)
  A sun moth (Spider:4)
  53 deep trolls
  8 sea snakes
  10 orb spiders
  6 steelbarb worms
  11 wizards
  7 deep elf archers
  9 harpies
  13 ironbound convokers
  5 orc knights
  6 lindwurms
  4 necromancers
  40 deep elf pyromancers
  27 deep elf zephyrmancers
  21 wolf spiders
  2 wolf spiders (shapeshifter)
  2 orc sorcerers
  An oklob plant (Lair:2)
  13 manticores
  17 cyclopes
  7 fauns
  27 ugly things
  2 moths of wrath (Spider:4)
  2 worldbinders (Abyss:2)
  13 merfolk sirens
  3 elephants (Lair:5)
  9 black mambas
  24 vault sentinels
  3 centaur skeletons (D:15)
  5 water nymphs
  An eye of devastation (Abyss:2)
  2 black mambas (shapeshifter)
  Maggie (D:10)
  2 naga magi (D:15)
  Maurice (D:8)
  A guardian serpent (shapeshifter) (D:15)
  An apocalypse crab (Abyss:2)
  An unseen horror (D:11)
  A gargoyle (D:10)
  8 torpor snails
  7 demonic crawlers
  7 cane toads
  9 rime drakes
  54 yaktaurs
  2 tengu conjurers
  Psyche (D:12)
  5 kobold demonologists
  14 komodo dragons
  An ancient zyme (Abyss:2)
  An ice devil (Lair:5)
  39 merfolk
  A red devil (Lair:5)
  9 trolls
  A polar bear (Lair:3)
  18 meliai
  5 wind drakes
  25 tarantellas
  4 tyrant leeches (Spider:3)
  7 hornets
  Prince Ribbit (Bailey)
  27 blink frogs
  8 raiju (Abyss:2)
  36 slime creatures
  4 dream sheep (Shoals:2)
  9 snapping turtles
  A centaur simulacrum (D:15)
  24 culicivoras
  A jumping spider (shapeshifter) (D:15)
  22 jumping spiders
  4 wyverns
  5 spriggans (Lair:2)
  A spriggan (shapeshifter) (D:15)
  A vampire (D:11)
  2 shadows
  12 water elementals
  2 air elementals (Elf:2)
  A ynoxinul (Abyss:2)
  58 yaks
  9 wraiths
  4 basilisks
  A golden eye (shapeshifter) (D:14)
  27 humans
  56 redbacks
  Menkaure (D:6)
  2 neqoxecs (Abyss:2)
  6 fire elementals
  2 steam dragons
  A redback simulacrum (D:15)
  8 vampire mosquitoes
  4 wargs (Orc:2)
  2 acid dragons
  18 water moccasins
  14 hell hounds
  A sky beast (D:8)
  19 orc warriors
  11 ogres
  2 black bears
  6 boggarts
  16 wolves
  8 centaurs
  2 phantoms
  3 kobold brigands
  A necrophage (D:5)
  5 earth elementals
  A gnoll sergeant (D:12)
  25 bullfrogs
  3 scorpions
  An electric eel (Spider:2)
  9 howler monkeys
  A vampire bat (D:4)
  A hound (D:5)
  A quasit (Abyss:2)
  5 starcursed masses (Abyss:2)
  5 jellies
  9 orc priests
  Crazy Yiuf (D:5)
  An iron imp (Abyss:2)
  12 iguanas
  13 hell rats (Lair:5)
  17 orc wizards
  12 river rats (Lair:5)
  4 adders
  15 gnolls
  3 shadow imps
  A white imp (D:8)
  An ufetubus (Abyss:2)
  A dart slug (D:1)
  3 fire bats (D:4)
  61 orcs
  2 spectral bats (D:4)
  6 ball pythons
  3 bat skeletons (D:4)
  A bat zombie (D:4)
  5 endoplasms
  2 giant cockroaches
  13 goblins
  7 hobgoblins
  9 jackals (D:4)
  3 quokkas
  14 bats
  A bat simulacrum (D:4)
  7 kobolds
  6 rats
  A spectral hobgoblin (D:2)
  7 bushes (Lair:2)
  16 tentacles (Shoals:2)
1707 creatures vanquished.

Vanquished Creatures (collateral kills)
  A yaktaur captain (Vaults:5)
  An orange demon (Lair:5)
  A smoke demon (Lair:5)
  An ice devil (Lair:5)
  A hog (shapeshifter) (Vaults:5)
5 creatures vanquished.

Vanquished Creatures (others)
  An ancient lich (Vaults:5)
  2 frost giants (Vaults:5)
  2 vault wardens (Vaults:5)
  2 ironbound preservers (Vaults:5)
  A deep elf death mage (Elf:3)
  3 yaktaur captains (Vaults:5)
  A wizard (Lair:5)
  3 harpies (Vaults:5)
  A phantasmal warrior (Vaults:5)
  A vault sentinel (Vaults:5)
  5 yaktaurs (Vaults:5)
  A freezing wraith (Vaults:5)
  A tarantella (shapeshifter) (Vaults:5)
  2 blink frogs
  A water elemental (Shoals:4)
  An orc (Orc:2)
  2 jackals (D:5)
  50 fungi
  A lurking horror (Abyss:2)
  73 plants
  26 tentacles
  2 withered plants (Lair:1)
182 creatures vanquished.

Grand Total: 1894 creatures vanquished

Notes
Turn   | Place    | Note
-------+----------+-------------------------------------------
     0 | D:1      | purpskrrrp the Hill Orc Fighter began the quest for the
                  | Orb.
     0 | D:1      | Reached XP level 1. HP: 19/19 MP: 1/1
   170 | D:1      | Reached skill level 3 in Axes
   170 | D:1      | Reached XP level 2. HP: 25/27 MP: 2/2
   559 | D:1      | Reached XP level 3. HP: 32/33 MP: 3/3
  1123 | D:2      | Found a faded altar of an unknown god.
  1190 | D:2      | Reached skill level 4 in Axes
  1190 | D:2      | Reached XP level 4. HP: 27/40 MP: 4/4
  1642 | D:3      | You fall into a shaft and drop 2 floors!
  1642 | D:5      | Entered Level 5 of the Dungeon
  1710 | D:5      | Found a runed translucent door.
  1711 | D:5      | Noticed Crazy Yiuf
  1793 | D:5      | Noticed a necrophage
  1801 | D:5      | Killed a necrophage
  1802 | D:5      | Reached XP level 5. HP: 31/47 MP: 5/5
  1989 | D:5      | Reached skill level 5 in Axes
  2176 | D:5      | Reached XP level 6. HP: 18/55 MP: 6/6
  2425 | D:5      | Reached skill level 5 in Fighting
  2509 | D:4      | Found a bloodstained altar of Trog.
  2509 | D:4      | Found a glowing golden altar of the Shining One.
  2509 | D:4      | Found a hide-covered altar of Uskayaw.
  2509 | D:4      | Found a shimmering altar of Xom.
  2790 | D:5      | Noticed a black bear
  2800 | D:5      | Killed a black bear
  2801 | D:5      | Reached skill level 6 in Axes
  2913 | D:4      | Found an opulent altar of Gozag.
  2920 | D:4      | Became a worshipper of Gozag Ym Sagoz the Greedy
  3437 | D:4      | Reached XP level 7. HP: 61/61 MP: 7/7
  3860 | D:4      | Reached skill level 5 in Armour
  3922 | D:4      | Found an ornate altar of the Wu Jian Council.
  4135 | D:4      | Reached skill level 5 in Shields
  4214 | D:4      | Reached skill level 7 in Axes
  4552 | D:4      | Identified a scroll of acquirement
  4552 | D:4      | Acquired the amulet of Zuntory {Spirit rElec MP-9 Str+4
                  | Int+6 Slay+2}
  4908 | D:5      | Reached XP level 8. HP: 41/70 MP: 0/8
  5455 | D:5      | Killed Crazy Yiuf
  5661 | D:6      | Found a glowing silver altar of Zin.
  5774 | D:6      | Noticed Menkaure
  5781 | D:6      | Killed Menkaure
  5782 | D:6      | Reached skill level 8 in Axes
  5924 | D:6      | Found a shadowy altar of Dithmenos.
  6192 | D:6      | Found a staircase to the Ecumenical Temple.
  6718 | D:7      | Found a flagged portal.
  6747 | Bailey   | Entered a bailey
  6768 | Bailey   | Reached skill level 9 in Axes
  6771 | Bailey   | Reached XP level 9. HP: 25/79 MP: 0/9
  7038 | Bailey   | Reached skill level 10 in Axes
  7077 | Bailey   | Noticed Prince Ribbit
  7111 | Bailey   | Killed Prince Ribbit
  7210 | Bailey   | Reached skill level 11 in Axes
  7250 | Bailey   | Noticed a vault guard
  7257 | Bailey   | Killed a vault guard
  7258 | Bailey   | Reached XP level 10. HP: 69/89 MP: 1/10
  7434 | Bailey   | Noticed a vault guard
  7446 | Bailey   | Killed a vault guard
  7447 | Bailey   | Reached skill level 12 in Axes
  8277 | D:8      | Reached skill level 13 in Axes
  8342 | D:8      | Noticed Maurice
  8349 | D:8      | Killed Maurice
  8784 | D:9      | Noticed a manticore
  8798 | D:9      | Killed a manticore
  9085 | D:9      | Noticed a cyclops
  9094 | D:9      | Killed a cyclops
  9095 | D:9      | Reached XP level 11. HP: 97/97 MP: 2/11
  9342 | D:9      | Reached skill level 14 in Axes
  9614 | D:9      | Paralysed by a hornet for 2 turns
  9623 | D:9      | Reached skill level 10 in Fighting
 10361 | D:9      | Acquired a +1 executioner's axe of venom
 10370 | D:10     | Entered Level 10 of the Dungeon
 10581 | D:10     | Noticed a two-headed ogre
 10596 | D:10     | Killed a two-headed ogre
 11059 | D:10     | Reached skill level 15 in Axes
 11199 | D:10     | Noticed Gastronok
 11213 | D:10     | Killed Gastronok
 11214 | D:10     | Reached skill level 10 in Armour
 11214 | D:10     | Reached skill level 10 in Shields
 11214 | D:10     | Reached XP level 12. HP: 91/108 MP: 3/12
 11435 | D:10     | Noticed Maggie
 11443 | D:10     | Killed Maggie
 11493 | D:10     | Found a white marble altar of Elyvilon.
 11515 | D:10     | Found a radiant altar of Vehumet.
 11543 | D:10     | Found a staircase to the Lair.
 11702 | D:11     | Found a staircase to the Orcish Mines.
 11725 | D:11     | Identified the ring "Uzofed" {Fire Stlth+}
 11938 | D:11     | Reached skill level 16 in Axes
 12102 | D:11     | Noticed a two-headed ogre
 12115 | D:11     | Killed a two-headed ogre
 12607 | D:12     | Noticed Psyche
 12618 | D:12     | Killed Psyche
 13386 | D:12     | Reached skill level 17 in Axes
 13697 | D:12     | Noticed Fannar
 13702 | D:12     | Killed Fannar
 13842 | D:12     | Noticed a boulder beetle
 14021 | D:12     | Killed a boulder beetle
 14263 | D:13     | Noticed a boulder beetle
 14271 | D:13     | Killed a boulder beetle
 14618 | D:13     | Reached XP level 13. HP: 57/118 MP: 2/13
 14618 | D:13     | Noticed Snorg
 15032 | Lair:1   | Entered Level 1 of the Lair of Beasts
 15210 | Lair:1   | Reached skill level 18 in Axes
 15544 | Lair:1   | Found a runed translucent gate.
 15544 | Lair:1   | Found a runed translucent gate.
 15544 | Lair:1   | Noticed Haroarr's ghost (journeyman DsFi)
 15545 | Lair:1   | Found a runed translucent gate.
 15545 | Lair:1   | Noticed Zuagil's ghost (journeyman DrCj)
 15546 | Lair:1   | Noticed Lutem's ghost (journeyman MiFi)
 15546 | Lair:1   | Noticed Hiufoemo's ghost (journeyman DjWr)
 16043 | Lair:1   | Identified the +1 pair of gloves of the Wizarding Gods
                  | {rCorr Str+2}
 16470 | Lair:2   | Noticed Nergalle
 16480 | Lair:2   | Killed Nergalle
 16694 | Lair:2   | Found a staircase to the Shoals.
 17095 | Lair:2   | Found a hole to the Spider Nest.
 17107 | Lair:2   | Reached skill level 19 in Axes
 18513 | Lair:3   | Reached XP level 14. HP: 111/130 MP: 3/14
 19009 | Lair:3   | Reached skill level 20 in Axes
 19945 | Lair:2   | Bought the +0 pair of fencer's gloves {Riposte Dex+3} for
                  | 1280 gold pieces
 19945 | Lair:2   | Found the +0 pair of fencer's gloves {Riposte Dex+3}
 20240 | Lair:4   | Reached skill level 1 in Dodging
 20252 | Lair:4   | Found a viscous altar of Jiyva.
 20292 | Lair:4   | Found a staircase to the Slime Pits.
 21175 | Lair:4   | You fall into a shaft and drop 1 floor!
 21175 | Lair:5   | Entered Level 5 of the Lair of Beasts
 21210 | Lair:5   | Reached skill level 21 in Axes
 22589 | Lair:5   | Reached XP level 15. HP: 126/139 MP: 6/15
 22877 | Lair:5   | Found a burning altar of Makhleb.
 22885 | Lair:5   | Reached skill level 15 in Fighting
 23743 | Lair:5   | Found a gateway to Hell.
 24150 | Lair:5   | Bought the ring of the Jackalope {rElec rPois Slay+3} for
                  | 512 gold pieces
 24302 | Orc:1    | Entered Level 1 of the Orcish Mines
 24548 | Orc:2    | Entered Level 2 of the Orcish Mines
 24561 | Orc:2    | Noticed Azrael
 24567 | Orc:2    | Found Wufikkil's Antique Armour Shoppe.
 24572 | Orc:2    | Killed Azrael
 24575 | Orc:2    | Reached skill level 22 in Axes
 24607 | Orc:2    | Noticed an orc warlord
 24851 | Orc:2    | Killed an orc warlord
 24862 | Orc:2    | Noticed an orc warlord
 25454 | Orc:1    | Killed an orc warlord
 26022 | Orc:2    | Found Jihoclih's Antique Weapon Shoppe.
 26151 | Orc:2    | Found Hismyk's Antique Weapon Boutique.
 26316 | Orc:2    | Found Boghadon's General Store.
 26319 | Orc:2    | Found a staircase to the Elven Halls.
 26323 | Orc:2    | Found Ijau's Assorted Antiques.
 26324 | Orc:2    | Bought a scroll of identify for 28 gold pieces
 26324 | Orc:2    | Bought a scroll of teleportation for 42 gold pieces
 26324 | Orc:2    | Bought a wand of roots (3) for 100 gold pieces
 26340 | Orc:2    | Found Ibett's Book Shop.
 26661 | Orc:2    | Found Ixzau's Armour Shop.
 26675 | Orc:2    | Found Upnoneju's Armour Boutique.
 26738 | Orc:2    | Bought a crude plate armour for 588 gold pieces
 26738 | Orc:2    | Identified the +3 plate armour of the Apprentice {Rampage
                  | Int+2 Dex-4} (You bought it in a shop on level 2 of the
                  | Orcish Mines)
 27335 | D:13     | Killed Snorg
 27350 | D:13     | Reached skill level 5 in Dodging
 27793 | D:13     | Found a gate to the Vaults.
 27835 | D:13     | Noticed Erolcha
 27837 | D:13     | Killed Erolcha
 27890 | D:13     | Gained mutation: You have supernaturally acute eyesight.
                  | (SInv) [potion of mutation]
 28130 | D:14     | Reached skill level 23 in Axes
 28204 | D:14     | Reached XP level 16. HP: 145/151 MP: 7/16
 28262 | D:14     | Noticed Josephine
 28267 | D:14     | Killed Josephine
 29230 | D:14     | Reached skill level 15 in Armour
 29973 | D:14     | Bought a glass ring for 150 gold pieces
 29973 | D:14     | Bought an embroidered hat for 210 gold pieces
 30016 | D:15     | Entered Level 15 of the Dungeon
 30592 | D:15     | Found the +6 arbalest "Damnation" {damnation}
 30689 | D:15     | Reached skill level 24 in Axes
 30932 | D:15     | Found a staircase to the Depths.
 31294 | D:15     | Found a burning altar of Makhleb.
 31371 | Depths:1 | Entered Level 1 of the Depths
 31536 | Abyss:2  | Cast into level 2 of the Abyss (a wizard)
 31596 | Abyss:2  | Gained mutation: Your magical capacity is low. (-10% MP) [a
                  | neqoxec]
 31722 | Abyss:2  | Reached XP level 17. HP: 134/160 MP: 4/15
 31856 | Depths:1 | Escaped the Abyss
 32338 | Lair:1   | Killed Haroarr's ghost
 32338 | Lair:1   | Killed Zuagil's ghost
 32342 | Lair:1   | Killed Hiufoemo's ghost
 32344 | Lair:1   | Killed Lutem's ghost
 32550 | Lair:1   | Identified the +2 kite shield "Kaukhufu" {rF+ Will- Str+2}
 32685 | Shoals:1 | Entered Level 1 of the Shoals
 32741 | Shoals:1 | Found Faohigat's Weapon Emporium.
 32767 | Shoals:1 | Found a basalt altar of Yredelemnul.
 32899 | Shoals:1 | Found a snail-covered altar of Cheibriados.
 33739 | Shoals:2 | Noticed Polyphemus
 33750 | Shoals:2 | Killed Polyphemus
 33759 | Shoals:2 | Reached skill level 25 in Axes
 34389 | Shoals:2 | Identified Roxanne's Writings on the Mountains
 34389 | Shoals:2 | Noticed Roxanne
 34878 | Shoals:2 | Noticed Frances
 34891 | Shoals:2 | Killed Frances
 34893 | Shoals:2 | Noticed a kraken
 34998 | Shoals:2 | Noticed a kraken
 35008 | Shoals:2 | Killed a kraken
 35228 | Shoals:2 | Killed a kraken
 35284 | Shoals:2 | Found a runed translucent door.
 35286 | Shoals:2 | Noticed a kraken
 35292 | Shoals:2 | Killed a kraken
 35299 | Shoals:2 | Noticed a kraken
 35548 | Shoals:2 | Noticed a kraken
 35551 | Shoals:2 | HP: 5/162 [merfolk/+0 trident (13)]
 36351 | Shoals:2 | Killed a kraken
 37391 | Shoals:2 | Killed Roxanne
 37411 | Shoals:2 | Learned a level 6 spell: Statue Form
 38269 | Shoals:3 | Reached skill level 1 in Evocations
 38666 | Shoals:4 | Entered Level 4 of the Shoals
 38710 | Shoals:4 | Reached XP level 18. HP: 171/171 MP: 7/16
 39466 | Shoals:4 | Reached skill level 26 in Axes
 39623 | Shoals:4 | Got a barnacled rune of Zot
 39662 | Shoals:4 | Bought a potion of curing for 114 gold pieces
 39662 | Shoals:4 | Bought a glowing cloak for 285 gold pieces
 39662 | Shoals:4 | Bought a scroll of teleportation for 114 gold pieces
 40365 | Spider:1 | Entered Level 1 of the Spider Nest
 41721 | Spider:2 | HP: 7/173 [emperor scorpion[a torpor snail] (11)]
 42990 | Spider:2 | Identified the +10 hand axe of Iwauxoh {holy, rCorr Str+7
                  | Dex+8}
 43908 | Spider:3 | Reached skill level 5 in Evocations
 44264 | Spider:3 | Reached XP level 19. HP: 170/181 MP: 8/17
 45093 | Spider:4 | Entered Level 4 of the Spider Nest
 45093 | Spider:4 | Noticed Arachne
 45093 | Spider:4 | Noticed Mlioglotl
 45103 | Spider:3 | Killed Mlioglotl
 45108 | Spider:3 | HP: 9/181 [Arachne/staff of poison (17)]
 45108 | Spider:3 | HP: 2/181 [Arachne/staff of poison (7)]
 45110 | Spider:3 | Killed Arachne
 47318 | Spider:4 | Reached skill level 10 in Dodging
 47322 | Spider:4 | Reached skill level 27 in Axes
 47375 | Spider:4 | Got a gossamer rune of Zot
 47685 | Elf:1    | Entered Level 1 of the Elven Halls
 47691 | Elf:1    | Noticed Agnes
 47704 | Elf:1    | Killed Agnes
 48288 | Vaults:1 | Entered Level 1 of the Vaults
 49170 | Vaults:1 | Reached XP level 20. HP: 189/193 MP: 9/18
 50621 | D:14     | Bought shiny storm dragon scales for 2490 gold pieces
 51025 | Vaults:2 | Noticed Nikola
 51038 | Vaults:2 | Killed Nikola
 51230 | Vaults:2 | Found a staircase to the Crypt.
 51580 | Vaults:2 | Found a runed translucent door.
 51626 | Vaults:2 | Found Asyn's Magic Scroll Emporium.
 51652 | Vaults:2 | Bought a scroll of fear for 76 gold pieces
 51652 | Vaults:2 | Bought a scroll of teleportation for 57 gold pieces
 51652 | Vaults:2 | Bought a scroll of enchant weapon for 142 gold pieces
 51652 | Vaults:2 | Bought a scroll of teleportation for 57 gold pieces
 51652 | Vaults:2 | Bought a scroll of blinking for 142 gold pieces
 51652 | Vaults:2 | Bought a scroll of brand weapon for 180 gold pieces
 52695 | Vaults:2 | Noticed CowFu's ghost (adept DsFi)
 52715 | Vaults:2 | Killed CowFu's ghost
 53257 | Vaults:3 | Reached XP level 21. HP: 203/203 MP: 9/18
 53261 | Vaults:3 | Reached skill level 10 in Evocations
 54036 | Vaults:3 | Noticed Mennas
 54049 | Vaults:3 | Killed Mennas
 57063 | Vaults:4 | Found Wajuloit's General Store.
 57130 | Vaults:4 | Reached XP level 22. HP: 203/215 MP: 8/19
 57521 | Vaults:5 | Entered Level 5 of the Vaults
 57536 | Vaults:5 | Noticed a dread lich
 57897 | Vaults:4 | Killed a dread lich
 58676 | Vaults:5 | Identified the ring "Vujisira" {Ice rPois Slay+2}
 59342 | Vaults:5 | Noticed an ancient lich
 60567 | Elf:1    | Found Fiovaur's Magic Scroll Shop.
 60579 | Elf:1    | Found Gagg's General Store.
 60580 | Elf:1    | Identified the +1 robe of Action {rElec}
 60605 | Elf:1    | Noticed Asterion
 60643 | Elf:1    | Killed Asterion
 60644 | Elf:1    | Killed the ghostly Asterion
 60819 | Elf:1    | Identified the +7 great sword "Erel Gol" {freeze, rN+}
 60981 | Elf:1    | Found Tuax's Magic Scroll Shoppe.
 61020 | Elf:1    | Bought a scroll of enchant weapon for 90 gold pieces
 61020 | Elf:1    | Bought a scroll of teleportation for 36 gold pieces
 61020 | Elf:1    | Bought a scroll of silence for 114 gold pieces
 61020 | Elf:1    | Bought a scroll of fog for 48 gold pieces
 61020 | Elf:1    | Bought a scroll of poison for 48 gold pieces
 61020 | Elf:1    | Bought a scroll of enchant weapon for 90 gold pieces
 61020 | Elf:1    | Bought a scroll of magic mapping for 90 gold pieces
 61020 | Elf:1    | Bought a scroll of teleportation for 36 gold pieces
 61030 | Elf:1    | Lost mutation: You have supernaturally acute eyesight.
                  | (SInv) [potion of mutation]
 61030 | Elf:1    | Lost mutation: Your magical capacity is low. (-10% MP)
                  | [potion of mutation]
 61030 | Elf:1    | Gained mutation: Your flesh is cold resistant. (rC+)
                  | [potion of mutation]
 61030 | Elf:1    | Gained mutation: You possess an exceptional clarity of
                  | mind. [potion of mutation]
 61109 | Elf:1    | Identified the +5 quarterstaff "Lilear" {venom, *Corrode
                  | rF+ rC+++ Int+4}
 61344 | Elf:1    | Got the Encyclopedia of Attacks and the Comitatus
 61449 | Elf:1    | Bought a scroll of enchant armour for 135 gold pieces
 61449 | Elf:1    | Bought a scroll of poison for 72 gold pieces
 61449 | Elf:1    | Bought a scroll of fog for 72 gold pieces
 61449 | Elf:1    | Bought a scroll of enchant armour for 135 gold pieces
 61449 | Elf:1    | Bought a scroll of magic mapping for 135 gold pieces
 61449 | Elf:1    | Bought a scroll of magic mapping for 135 gold pieces
 61449 | Elf:1    | Bought a scroll of poison for 72 gold pieces
 61719 | Elf:1    | Found Utuodoz's Assorted Antiques.
 62074 | Elf:2    | Found Plog's Weapon Boutique.
 62110 | Elf:2    | Paralysed by an air elemental for 1 turns
 62115 | Elf:2    | Paralysed by an air elemental for 1 turns
 62493 | Elf:2    | Reached XP level 23. HP: 205/226 MP: 11/23
 62643 | Elf:2    | Found a huge runed translucent gate.
 62643 | Elf:2    | Found a huge runed translucent gate.
 62643 | Elf:2    | Found a huge runed translucent gate.
 62644 | Elf:2    | Found a huge runed translucent gate.
 62645 | Elf:2    | Found a huge runed translucent gate.
 63909 | Elf:3    | Entered Level 3 of the Elven Halls
 64873 | Elf:3    | Killed from afar by a hellion

Illustrated notes

Levels and vault maps discovered:
D:1:      dpeg_arrival_pits, layout_basic, minivault_5
D:2:      layout_rooms, dreamdust_ecumenical_altar_drowned_temple
D:3:      layout_basic, minmay_randomly_rotated_circles
D:4:      layout_layer_cave, mainiacjoe_overflow_alcove_1,
          nicolae_overflow_hidden_temple, grunt_gozag_statues, goddamned_bats
D:5:      layout_layer_cave, lemuel_flamethrower_2, uniq_crazy_yiuf_cottage
D:6:      layout_cave_pools, nicolae_dithmenos_the_darkroom,
          overflow_temple_1_default, minmay_temple_entry_hall,
          grunt_decor_resistance, uniq_menkaure
D:7:      layout_basic, enter_bailey_5
D:8:      layout_gridville, kennysheep_generic_room_3, uniq_maurice
D:9:      kennysheep_spiral_hall, layout_loops_ring, kennysheep_windowed_goal
D:10:     layout_rooms, mainiacjoe_overflow_two_lobes,
          grunt_lair_entry_orc_guard_hut, kennysheep_another_room,
          minmay_liquid_box, uniq_gastronok, uniq_maggie
D:11:     layout_irregular_city, david_orc_2, minmay_circle_x
D:12:     layout_small_grid, dk_noncrumbling_4, uniq_psyche, uniq_fannar
D:13:     layout_loops_ring, grunt_vaults_entry_tiered, uniq_erolcha, uniq_snorg
D:14:     layout_loops_ring, minmay_rotating_lava, uniq_josephine
D:15:     grunt_enter_depths_magical_seal, layout_irregular_city, basic_altar
Lair:1:   layout_concentric_octagons, gammafunk_ghost_cemetery,
          infiniplex_staircase_pool_2, serial_bayou_shore_b, lemuel_fruit_tree,
          grunt_megastairs_1
Lair:2:   kb_forest_paths, layout_small_grid, elwin_shoals_entry_stream,
          nicolae_spider_entry_tight_spaces, minmay_lair_oklob_bushes,
          uniq_nergalle
Lair:3:   beast_lair_carwin_large_4, layout_long_grid
Lair:4:   layout_cave_pods, nicolae_slime_entry_slimehenge,
          chequers_serial_rivers_micro_a, grunt_megastairs_2,
          infiniplex_staircase_pool
Lair:5:   evil_forest, layout_long_grid, kennysheep_rathole
Shoals:1: layout_shoals, serial_shops, shop, hangedman_feature_mirror,
          nicolae_shoals_lost_giant_baths
Shoals:2: nicolae_shoals_lighthouse, layout_shoals, uniq_frances,
          uniq_polyphemus, uniq_roxanne
Shoals:3: layout_shoals, nicolae_shoals_stone_sculpture_thing
Shoals:4: shoals_end_simple, layout_shoals
Spider:1: layout_spider_delve
Spider:2: layout_spider_delve
Spider:3: layout_spider_delve, hangedman_stitches_earthworm
Spider:4: spider_rune_water, uniq_arachne, uniq_mlioglotl
Orc:1:    layout_diamond_mine
Orc:2:    grunt_orc_gardens, layout_diamond_mine, grunt_orc_garden,
          grunt_orc_garden, grunt_orc_garden, grunt_orc_garden, serial_shops,
          shop, shop, shop, shop, uniq_azrael
Elf:1:    eino_elf_arrival_sip, layout_rooms, serial_shops,
          nicolae_shop_behind_doors, shop,
          nicolae_shop_temple_entry_statues_fountains, shop_fountains,
          minmay_elf_sorcery, ebering_dispersal_statue_hall, uniq_agnes,
          uniq_asterion
Elf:2:    elven_hall_of_blades_hangedman_alternative
          [nicolae_blade_entry_sentries_behind_glass], layout_geoelf_grid,
          serial_shops, shop, minivault_24
Elf:3:    elf_hall, layout_loops_ring, st_stairs_6
Vaults:1: v_alt_pattern_6, hangedman_vaults_maws, vaults_dpeg_doors,
          vaults_room_door_ring, v_misc_15, v_misc_26,
          nicolae_vaults_border_crossing, dpeg_vaults_monster_box,
          nicolae_vaults_mini_display_case, layout_vaults_omnigrid
Vaults:2: ebering_ghost_reflecting_pool, nicolae_vaults_network_square,
          vaults_room_stairs_pillars, minmay_crypt_entry_simple_walls,
          v_misc_23, hangedman_vaults_slice, ontoclasm_vaults_loading_screen,
          vaults_mumra_hex, layout_vaults_chaotic_city, serial_shops, shop,
          uniq_nikola
Vaults:3: hangedman_vaults_nails, nicolae_vaults_three_branches, v_misc_26,
          nicolae_vaults_asterisk, v_misc_19, hangedman_vaults_nodes,
          vaults_dpeg_diagonal, nicolae_vaults_little_squares_3,
          vaults_room_fancy_cross, hangedman_vaults_trim,
          vaults_room_guarded_vault, nicolae_vaults_windows_and_doors_thing,
          hangedman_vaults_stretched_pinwheel, layout_vaults_big_cross,
          uniq_mennas
Vaults:4: v_rooms_4, hangedman_vaults_slither, grunt_vaults_hallway_short,
          v_pattern_2, nicolae_vaults_big_angled_halls,
          nicolae_vaults_sealed_display, hangedman_vaults_maws,
          ontoclasm_vaults_ligature, ontoclasm_vaults_eye, grunt_vaults_bifocal,
          grunt_vaults_hallway_short, grunt_vaults_hallway_short,
          nicolae_vaults_theta, layout_vaults_maze_snakey, serial_shops, shop
Vaults:5
Depths:1: layout_gridlike, enter_ziggurat_e, nrook_uturn,
          pf_vacation_house_of_asmodeus, nicolae_trove_entry_path_of_doom,
          drop_trap, kennysheep_generic_room_2

Skill      XL: |  1  2  3  4  5  6  7  8  9 10 11 12 13 14 15 16 17 18 19 20 21 22 |
---------------+-------------------------------------------------------------------+-----
Axes           | 3 4 5 6 7 9 11 13 15 17 19 21 23 24 25 26 27 | 27.0
Fighting       | 4 5 7 8 9 10 12 13 14 15 16 17 18 19 20 21 23 | 23.5
Armour         | 4 5 6 7 8 10 11 12 13 14 15 16 17 18 19 20 21 | 21.3
Shields        | 4 5 6 7 8 10 | 10.5
Dodging        | 3 5 7 8 9 10 11 12 13 | 13.9
Evocations     | 1 5 7 9 11 13 | 13.6

Action                   |  1- 3 |  4- 6 |  7- 9 | 10-12 | 13-15 | 16-18 | 19-21 | 22-24 || total
-------------------------+-------+-------+-------+-------+-------+-------+-------+-------++-------
Melee: War axe           |   100 |    71 |   221 |   170 |       |       |       |       ||   562
       Executioner's axe |       |       |       |   194 |   737 |   997 |   946 |   471 ||  3345
 Fire: Arbalest          |       |       |       |       |       |     1 |       |       ||     1
Throw: Throwing net      |       |     1 |     1 |     2 |     1 |       |       |       ||     5
Invok: Call Merchant     |       |       |       |     1 |     2 |     2 |     1 |       ||     6
       Potion Petition   |       |       |       |     1 |       |       |       |       ||     1
       Bribe Branch      |       |       |       |       |       |       |       |     1 ||     1
Evoke: Wand              |       |       |       |     1 |       |     4 |       |     2 ||     7
       Condenser vane    |       |       |       |     1 |       |       |     1 |       ||     2
       Phantom mirror    |       |       |       |       |       |       |       |     1 ||     1
  Use: Scroll            |     3 |     8 |     9 |    10 |    14 |    16 |     5 |     8 ||    73
       Potion            |       |     2 |     6 |     7 |     4 |     6 |     3 |     9 ||    37
 Stab: Distracted        |       |       |     1 |     4 |    16 |    11 |    11 |     4 ||    47
       Paralysed         |       |       |       |     3 |       |       |       |       ||     3
       Invisible         |       |       |       |     1 |       |       |       |       ||     1
       Confused          |       |       |       |       |       |     2 |       |       ||     2
Armor: Scale mail        |    26 |       |       |       |       |       |       |       ||    26
       Fire dragon scale |    26 |    33 |   122 |   199 |   418 |   559 |   263 |       ||  1620
       Storm dragon scal |       |       |       |       |       |       |   223 |   246 ||   469
Dodge: Dodged            |    64 |    28 |    95 |   158 |   360 |   569 |   463 |   222 ||  1959
Block: Buckler           |    27 |    15 |    71 |    30 |       |       |       |       ||   143
       Rpst.: Executioner's axe |       |       |       |       |    59 |   105 |    83 |    42 ||   289

Table legend: (Time is in decaauts)
 A = Elapsed time spent in this place.
 B = Non-inter-level travel time spent in this place.
 C = Inter-level travel time spent in this place.
 D = Time resting spent in this place.
 E = Time spent auto-exploring this place.
 F = Levels seen in this place.
 G = Mean time per level.
                   A        B        C        D        E       F      G
               +--------+--------+--------+--------+--------+-----+--------+
         Total |  64139 |  59977 |   4162 |  16714 |  34183 |  41 | 1564.4 |
       Dungeon |  19287 |  17697 |   1590 |   2975 |  12150 |  15 | 1285.8 |
          Lair |   9642 |   8868 |    774 |   1816 |   5831 |   5 | 1928.4 |
        Shoals |   7531 |   7192 |    339 |   2065 |   3778 |   4 | 1882.8 |
   Spider Nest |   7019 |   6581 |    438 |   2174 |   3554 |   4 | 1754.8 |
  Orcish Mines |   3409 |   3083 |    326 |   1565 |   1182 |   2 | 1704.5 |
   Elven Halls |   4314 |   4107 |    207 |   1575 |   1763 |   3 | 1438.0 |
        Vaults |  11689 |  11207 |    482 |   4016 |   5650 |   5 | 2337.8 |
        Depths |    168 |    164 |      4 |      0 |    126 |   1 |  168.0 |
         Abyss |    308 |    308 |      0 |     73 |     71 |   1 |  308.0 |
        Bailey |    769 |    769 |      0 |    454 |     77 |   1 |  769.0 |
               +--------+--------+--------+--------+--------+-----+--------+

Top non-repeatable levels by time:
Vaults:4: 4052 daAuts
Shoals:2: 3063 daAuts
  Lair:2: 2654 daAuts
  Lair:5: 2500 daAuts
   Elf:2: 2355 daAuts
     D:5: 2246 daAuts
Vaults:1: 2229 daAuts
Vaults:3: 2197 daAuts
    D:12: 2170 daAuts
Vaults:2: 2145 daAuts
    D:14: 1976 daAuts
   Orc:1: 1969 daAuts
Spider:3: 1871 daAuts
Shoals:1: 1850 daAuts
Spider:1: 1841 daAuts
